Map: Automaton LE

Players

SaLT

  • Race: Zerg Zerg
  • League: Diamond
  • Spawn Location: 3:00

Scurvy - Winner!

  • Race: Zerg Zerg
  • League: Diamond
  • Spawn Location: 9:00

VOD

Have the link to the VOD?

Description

Time

  • Played on: Feb. 21, 2019, 5:11 p.m.
  • Length: 15:10
Show
View Real Time Build Order
Export as new Build Order

SaLT Zerg 

Build Orders: Hatch First 

Get SALT Encoding   

  12  0:02  Drone  
  13  0:09  Drone  
  14  0:18  Overlord  
  14  0:36  Drone  
  14  0:37  Drone x2  
  17  0:45  Extractor  
  17  0:48  Drone  
  17  1:00  Hatchery  
  16  1:16  Spawning Pool  
  15  1:19  Drone  
  16  1:51  Drone  
  17  1:57  Hatchery  
  16  2:09  Zergling x2  
  16  2:10  Zergling x4  
  16  2:12  Metabolic Boost  
  19  2:26  Queen  
  21  2:34  Zergling x6  
  24  2:44  Zergling x6  
  27  3:02  Overlord x2  
  27  3:20  Queen x2  
  27  3:21  Zergling x4  
  30  3:46  Zergling x14  
  31  4:04  Zergling x10  
  31  4:05  Zergling x2  
  37  4:18  Zergling x8  
  37  4:37  Zergling x2  
  37  4:38  Zergling x10  
  33  5:07  Zergling x16  
  31  5:28  Drone  
  31  5:29  Drone x6  
  29  6:18  Drone  
  29  6:19  Drone x11  
  29  6:21  Lair  
  29  6:25  Roach Warren  
  40  6:30  Extractor  
  39  6:37  Extractor  
  38  6:49  Overlord x3  
  38  6:51  Overlord  
  38  6:52  Overlord  
  38  7:05  Roach x2  
  42  7:10  Roach x4  
  50  7:31  Roach x7  
  64  7:40  Roach x2  
  68  7:54  Hydralisk Den  
  67  8:00  Drone x7  
  74  8:08  Overlord  
  74  8:25  Evolution Chamber  
  74  8:27  Muscular Augments, Hydralisk x3  
  79  8:37  Drone, Extractor  
  79  8:38  Drone x3  
  82  8:49  Overlord x3  
  82  8:56  Zerg Missile Weapons Level 1  
  80  9:10  Hydralisk x5  
  90  9:19  Drone x3  
  90  9:20  Drone x2  
  95  9:31  Glial Reconstitution  
  95  9:38  Grooved Spines  
  95  9:43  Drone  
  95  9:44  Drone x5  
  95  9:45  Drone  
  102  9:50  Overlord, Extractor  
  101  9:53  Overseer  
  101  9:57  Pneumatized Carapace  
  101  10:10  Overlord x3  
  101  10:18  Hydralisk x4  
  101  10:19  Extractor, Hydralisk  
  110  10:22  Hydralisk  
  112  10:43  Roach  
  112  10:44  Roach x8  
  130  10:50  Zerg Ground Armor Level 1  
  130  10:57  Hydralisk x4  
  138  11:13  Overlord x4  
  116  11:52  Roach x17  
  150  12:00  Infestation Pit  
  149  12:06  Spire  
  132  12:23  Drone  
  132  12:24  Drone x5  
  138  12:42  Extractor, Hatchery  
  132  12:46  Extractor  
  125  13:16  Hydralisk x8  
  125  13:17  Hydralisk x8  
  89  13:56  Roach x13  
  89  13:57  Roach x3  
  121  14:20  Drone x3  
Show
View Real Time Build Order
Export as new Build Order

Scurvy Zerg - Winner!

Build Orders: Pool First 

Get SALT Encoding   

  12  0:01  Drone  
  13  0:12  Overlord  
  13  0:21  Drone  
  14  0:32  Drone x2  
  16  0:42  Drone  
  17  0:46  Spawning Pool  
  16  0:51  Drone  
  16  0:54  Extractor  
  16  1:00  Drone  
  17  1:10  Drone  
  18  1:18  Drone  
  19  1:29  Overlord  
  19  1:35  Queen  
  21  1:47  Drone  
  21  1:52  Hatchery  
  21  1:53  Zergling x2  
  22  2:01  Metabolic Boost  
  22  2:10  Drone  
  22  2:14  Queen  
  25  2:27  Roach Warren  
  24  2:36  Drone x2  
  26  2:45  Zergling x8  
  30  3:05  Overlord x2  
  29  3:15  Roach x3  
  35  3:31  Roach x4  
  41  3:45  Roach x3  
  46  4:00  Overlord x2  
  46  4:02  Drone x2  
  47  4:09  Overlord  
  47  4:20  Zergling x6  
  50  4:35  Queen  
  50  4:55  Roach  
  50  4:56  Roach x6  
  55  5:32  Drone  
  55  5:33  Drone x8  
  63  5:48  Queen  
  63  5:57  Drone x2  
  63  5:59  Drone  
  63  6:00  Drone  
  67  6:15  Drone x2  
  67  6:16  Lair  
  69  6:20  Drone x3  
  69  6:21  Extractor  
  71  6:27  Drone x3  
  74  6:38  Ravager x2  
  76  6:46  Overlord  
  76  6:47  Overlord x2  
  76  7:02  Extractor  
  76  7:03  Extractor  
  74  7:09  Ravager  
  74  7:10  Ravager  
  74  7:15  Hatchery  
  75  7:34  Drone x2  
  75  7:35  Drone x2  
  75  7:36  Drone x2  
  82  7:37  Drone x5  
  82  7:38  Drone  
  87  7:48  Glial Reconstitution  
  87  8:00  Spire  
  86  8:09  Spore Crawler  
  86  8:10  Spore Crawler  
  84  8:18  Evolution Chamber  
  83  8:20  Evolution Chamber  
  83  8:26  Roach x5  
  83  8:27  Roach x7  
  106  8:38  Overlord x3  
  106  8:53  Zerg Missile Weapons Level 1, Zerg Ground Armor Level 1  
  106  8:56  Queen  
  106  9:00  Ravager  
  109  9:14  Drone  
  109  9:15  Drone x9  
  119  9:26  Ravager x4  
  119  9:27  Spore Crawler  
  122  9:33  Extractor  
  122  9:34  Extractor  
  122  9:35  Drone x2  
  122  9:36  Drone  
  122  9:37  Drone x3  
  122  9:38  Drone x2  
  128  9:45  Overseer  
  128  9:53  Pneumatized Carapace  
  128  9:59  Drone x2  
  130  10:01  Overlord x4  
  130  10:13  Overseer  
  130  10:20  Hatchery  
  129  10:33  Roach x12  
  153  11:02  Hydralisk Den  
  153  11:04  Zerg Ground Armor Level 2, Zerg Missile Weapons Level 2  
  149  11:29  Roach  
  149  11:30  Roach x5  
  161  11:35  Muscular Augments  
  157  12:02  Queen  
  159  12:30  Overlord  
  159  12:31  Overlord x4  
  157  12:50  Hydralisk  
  157  12:51  Hydralisk x21  
  193  13:13  Queen  
  194  13:23  Roach  
  194  13:24  Roach x2  
  193  13:35  Grooved Spines  
  183  13:51  Roach  
  183  13:52  Roach  
  185  14:10  Overlord  
  185  14:11  Overlord x3  
  185  14:14  Hatchery  
  180  14:48  Zergling x10  
  180  14:49  Zergling x44  
  191  14:59  Infestation Pit  
  180  15:03  Evolution Chamber  
Tags
 
Add a new tag
Caveats
  • Supply blocks, unpowered buildings, or Contaminate may cause inaccurate times.
  • Supply counts are checked every 10 seconds.